 Dungeon Crawl Stone Soup version 0.18-a0-1121-gb454403 (webtiles) character file.

40 Geeful the Firebug (level 3, -4/21 HPs)
             Began as an Octopode Fire Elementalist on Jan 18, 2016.
             Slain by Robin
             ... wielding a +3 club
              (5 damage)
             ... on level 1 of the Dungeon.
             The game lasted 00:03:35 (1294 turns).

Geeful the Firebug (Octopode Fire Elementalist)     Turns: 1294, Time: 00:03:36

Health: -4/21      AC:  3    Str:  9    XL:     3   Next: 50%
Magic:  2/6        EV:  9    Int: 18    God:
Gold:   87         SH:  0    Dex: 12    Spells: 1 memorised, 6 levels left

rFire  . . .     SeeInvis .     f - +4 short sword
rCold  . . .     Gourm    .     (no shield)
rNeg   . . .     Faith    .     (helmet restricted)
rPois  .         Spirit   .     (no amulet)
rElec  .         Dismiss  .     (no ring)
rCorr  .         Reflect  .     (no ring)
SustAt .         Harm     .     (no ring)
MR     .....                    (no ring)
Stlth  +++.......               (no ring)
                                (no ring)
                                (no ring)
                                (no ring)

@: very slightly contaminated, not resistant to hostile enchantments, fairly
stealthy
A: almost no armour, amphibious, 8 rings, constrict 8, repulsion field 1, thin
metallic scales 1, camouflage 1, strong 1, gelatinous body 1
a: no special abilities


You were on level 1 of the Dungeon.
You were not hungry.

You visited 1 branch of the dungeon, and saw 2 of its levels.

You collected 87 gold pieces.

Inventory:

Hand Weapons
 f - a +4 short sword (weapon)
Missiles
 d - a throwing net (quivered)
Jewellery
 i - an uncursed ring of ice
Scrolls
 c - 3 scrolls of identify
 e - 2 scrolls of remove curse
Books
 a - a book of Flames

   Spells                             Type                      Level
   a - Flame Tongue                   Conjuration/Fire             1
   b - Throw Flame                    Conjuration/Fire             2
   c - Conjure Flame                  Conjuration/Fire             3
   d - Inner Flame                    Hexes/Fire                   3
   e - Sticky Flame                   Conjuration/Fire             4
   f - Fireball                       Conjuration/Fire             5
Comestibles
 b - 2 bread rations
 g - 2 chunks of flesh


   Skills:
 - Level 2.0 Dodging
 - Level 2.6 Stealth
 + Level 2.5 Spellcasting
 + Level 1.9 Conjurations
 + Level 3.6 Fire Magic


You had 6 spell levels left.
You knew the following spells:

 Your Spells              Type           Power        Failure   Level  Hunger
a - Flame Tongue          Conj/Fire      ##...        8%          1    #......


Dungeon Overview and Level Annotations

Branches:
Dungeon (2/15)

Altars:

Annotations:
D:1 Robin


Innate Abilities, Weirdness & Mutations

You cannot wear most types of armour.
You are amphibious.
You can wear up to eight rings at the same time.
You can use your tentacles to constrict eight enemies at once.
Your skin changes colour to match your surroundings (Stealth).
Your rubbery body absorbs attacks (AC +1).
You are surrounded by a mild repulsion field (EV +2).
You are partially covered in thin metallic scales (AC +2).
Your muscles are strong. (Str +2)


Message History

Strange energies run through your body.
Robin laughs in a distinctly smug fashion.
Robin hits you with an enchanted club.
* * * LOW HITPOINT WARNING * * *
Casting: Flame Tongue
Confirm with . or Enter, or press ? or * to list all spells.
Aiming: Flame Tongue
Press: ? - help, Shift-Dir - straight line, f/p - Robin
Aim: Robin, wielding an enchanted club, wearing an animal skin and wearing a helmet (moderately wounded)
The flame tongue hits Robin.
Robin is heavily wounded.
Robin hits you with an enchanted club.
* * * LOW HITPOINT WARNING * * *
Drink which item? (? for menu, Esc to quit)
It was a potion of mutation.
You feel extremely strange.
You feel stronger.
You begin to radiate repulsive energy.
Thin metallic scales grow over part of your body.
Robin drinks a potion.
Robin is healed!
Robin hits you with an enchanted club.
You die...

..#####.# ##.# ######## #.####
###.# #.####.####......# #.....
....# #...........####.# ###†..
....# ######.####.# #.# ##...#
....# #..# #.####.## ##...##
....#########.###.##....###...##
....'..........(..##.....#...##
....##########.#####........##
....# #.#@g^#[.......##### ....#
#.#####.<........... ##### #.#
#.........#### ########
#.################## .......#
#........[.#........ .......#
#............####### .......#
#......(.....#
.......#######............#######
.........................>.......


You could see Robin.

Vanquished Creatures
  2 adders
  A bat (D:1)
  2 giant cockroaches (D:2)
  7 goblins
  A hobgoblin (D:1)
  2 kobolds (D:1)
  A quokka (D:2)
  4 giant newts (D:1)
  3 rats
23 creatures vanquished.

Notes
Turn   | Place    | Note
--------------------------------------------------------------
     0 | D:1      | Geeful the Octopode Fire Elementalist began the quest for the Orb.
     0 | D:1      | Reached XP level 1. HP: 11/11 MP: 3/3
   349 | D:1      | Reached XP level 2. HP: 17/17 MP: 5/5
   853 | D:2      | Reached XP level 3. HP: 21/21 MP: 3/6
   908 | D:2      | Noticed Robin
  1292 | D:1      | HP: 1/21 [Robin/enchanted club (5)]
  1293 | D:1      | Gained mutation: Your muscles are strong. (Str +2) [potion of mutation]
  1293 | D:1      | Gained mutation: You are surrounded by a mild repulsion field (EV +2). [potion of mutation]
  1293 | D:1      | Gained mutation: You are partially covered in thin metallic scales (AC +2). [potion of mutation]
  1294 | D:1      | Slain by Robin

Vault maps used:
D:1:      elethiomel_arrival_shortcut, serial_bayou_pond_e, minmay_fountain_box
D:2:      minmay_misc_feat_doors, uniq_robin, uniq_natasha, uniq_sigmund

Action                   || total
-------------------------++-------
Melee: Short sword       ||    52
Throw: Throwing net      ||     1
 Cast: Flame Tongue      ||     5
  Use: Scroll            ||     5
       Potion            ||     2
 Stab: Sleeping          ||     5
  Eat: Chunk             ||     1
